 Dungeon Crawl Stone Soup version 0.29.0-4-gdea44cf6ec (webtiles) character file.

Game seed: 6283567559682222147

182 qw the Ruffian (level 5, -2/41 HPs)
             Began as a Ghoul Fire Elementalist on Aug 30, 2022.
             Slain by an ogre
             ... wielding a +0 giant club
              (12 damage)
             ... on level 6 of the Dungeon.
             The game lasted 00:02:21 (2745 turns).

qw the Ruffian (Ghoul Fire Elementalist)            Turns: 2745, Time: 00:02:22

Health: -2/41      AC:  8    Str: 14    XL:     5   Next: 62%
Magic:  6/6        EV:  6    Int: 10    God:
Gold:   95         SH:  0    Dex:  9    Spells: 6/7 levels left

rFire   . . .      SeeInvis .     - Unarmed
rCold   + . .      Faith    .   (no shield)
rNeg    + + +      Spirit   .   d - +0 chain mail
rPois   inf        Reflect  .   (no helmet)
rElec   .          Harm     .   (no cloak)
rCorr   .          Rampage  .   (no gloves)
Will    .....                   (no boots)
Stlth   ..........              g - amulet of the acrobat
HPRegen 0.00/turn               (no ring)
MPRegen 0.10/turn               (no ring)

@: inhibited regen
A: claws 1, cold resistance 1, negative energy resistance 3, inhibited
regeneration, torment resistance 2, devour on kill
a: no special abilities


You were on level 6 of the Dungeon.
You visited 1 branch of the dungeon, and saw 4 of its levels.

You collected 119 gold pieces.
You spent 24 gold pieces at shops.


Innate Abilities, Weirdness & Mutations

You are immune to poison.
You have sharp fingernails.
Your flesh is cold resistant. (rC+)
You are immune to negative energy. (rN+++)
You do not regenerate when monsters are visible.
You are immune to unholy pain and torment.
You thrive by killing the living.


   Skills:
 - Level 2.0 Fighting
 - Level 1.0 Armour
 - Level 1.7 Dodging
 - Level 2.1 Stealth
 + Level 4.9 Unarmed Combat
 - Level 1.7 Spellcasting
 - Level 0.7 Conjurations
 - Level 2.4 Fire Magic


You had 6 spell levels left.
You knew the following spells:

 Your Spells              Type           Power      Damage    Failure   Level
a - Foxfire               Conj/Fire      16%        2x1d4     99%         1

Your spell library contained the following spells:

 Spells                   Type           Power      Damage    Failure   Level
 Scorch                   Fire           10%        2d6       99%         2
 Conjure Flame            Conj/Fire      4%         6-21      100%        3
 Inner Flame              Hex/Fire       3%         N/A       100%        3
 Flame Wave               Conj/Fire      4%         2d5       100%        4

Inventory:

Missiles
 h - 3 boomerangs (quivered)
Armour
 d - a +0 chain mail (worn)
Jewellery
 g - an amulet of the acrobat (around neck)
Scrolls
 a - a scroll of noise {unknown}
 e - 5 scrolls of identify
Potions
 c - a potion of curing

Dungeon Overview and Level Annotations

Branches:
Dungeon (3/15)

Altars:

Shops:
D:2 ?


Message History

You scratch the orc priest but do no damage.
The orc priest is almost dead.
The orc hits you from afar with a +0 trident.
The orc priest hits you but does no damage.
You claw the orc priest!
You kill the orc priest!
The orc hits you from afar with a +0 trident.
The orc hits you but does no damage.
You barely miss the orc. The orc hits you with a +0 trident.
You scratch the orc.
The orc is heavily wounded.
The orc hits you with a +0 trident.
You claw the orc!
You kill the orc!
You start resting.
HP restored.
Found a mace.
Enter note: You open the door.
An ogre comes into view. It is wielding a +0 giant club.
The ogre shouts!
You scratch the ogre.
The ogre is lightly wounded.
The ogre hits you but does no damage.
You scratch the ogre but do no damage.
The ogre is lightly wounded.
You barely miss the ogre.
The ogre is lightly wounded.
The ogre hits you with a +0 giant club!!
Ouch! That really hurt!
You scratch the ogre.
The ogre is moderately wounded.
You claw the ogre!
The ogre is severely wounded.
The ogre hits you with a +0 giant club!
You barely miss the ogre.
The ogre is severely wounded.
The ogre hits you with a +0 giant club!
You die...

############## ..
.............##########.#
#
.........###.............
##.########.##
##............
............#
#...##.......
##.....#).###
###..#.....#. ........)##
#+#..##.#......#
#####.##.#
+.O...#.....#.. #.##.##
##@## ##......#
#.##..###.#.###....#...#
#.........#.........#..#
#........###..##.....###
#.............##....#...
#.........##..####.#....
#######.##.##.......)
......
....................#.
.#....
....................#..
..#...


You could see an ogre.

Vanquished Creatures
  An orc priest (D:6)
  Jessica (D:2)
  6 adders
  A dart slug (D:1)
  4 orcs
  5 endoplasms
  2 giant cockroaches (D:2)
  11 goblins
  6 hobgoblins
  5 quokkas
  5 ball pythons
  7 bats
  A frilled lizard (D:2)
  8 kobolds
  3 rats
66 creatures vanquished.

Notes
Turn   | Place    | Note
-------+----------+-------------------------------------------
     0 | D:1      | qw the Ghoul Fire Elementalist began the quest for the Orb.
     0 | D:1      | Reached XP level 1. HP: 14/14 MP: 2/2
     0 | D:1      | 0 ||| qw: Version: 0.1-a-90-g952f4b7
     0 | D:1      | 0 ||| qw: Game counter: 4355
     0 | D:1      | 0 ||| qw: Always use a shield: true
     0 | D:1      | 0 ||| qw: God list: Okawaru
     0 | D:1      | 0 ||| qw: Allow faded altars: false
     0 | D:1      | 0 ||| qw: Do Orc after D:15 true
     0 | D:1      | 0 ||| qw: Do second Lair branch before Depths: true
     0 | D:1      | 0 ||| qw: Lair rune preference: random
     0 | D:1      | 0 ||| qw: Plans: Normal
     0 | D:1      | 0 ||| PLANNING D:1-11
   304 | D:1      | 304 ||| Stepping ~*~*~tactically~*~*~ (hiding).
   306 | D:1      | 306 ||| Stepping ~*~*~tactically~*~*~ (hiding).
   317 | D:1      | Reached skill level 1 in Unarmed Combat
   406 | D:1      | Reached skill level 1 in Fighting
   406 | D:1      | Reached XP level 2. HP: 20/23 MP: 3/3
   849 | D:1      | Found a faded altar of an unknown god.
  1055 | D:1      | Reached skill level 2 in Unarmed Combat
  1379 | D:1      | 1379 ||| UPGRADING to +0 chain mail.
  1389 | D:1      | 1389 ||| DROPPING +0 robe.
  1390 | D:1      | 1390 ||| UPGRADING to amulet of the acrobat.
  1395 | D:1      | 1395 ||| READING scroll labelled REERECWUYGG.
  1396 | D:1      | 1396 ||| READING scroll labelled WEIPLO ACAFEFE.
  1397 | D:1      | 1397 ||| DROPPING potion of magic.
  1510 | D:2      | Noticed Jessica
  1511 | D:2      | 1511 ||| Stepping ~*~*~tactically~*~*~ (hiding).
  1512 | D:2      | 1512 ||| Stepping ~*~*~tactically~*~*~ (hiding).
  1515 | D:2      | 1515 ||| Stepping ~*~*~tactically~*~*~ (hiding).
  1520 | D:2      | 1520 ||| Stepping ~*~*~tactically~*~*~ (outnumbered).
  1522 | D:2      | Killed Jessica
  1523 | D:2      | Reached skill level 3 in Unarmed Combat
  1523 | D:2      | Reached XP level 3. HP: 28/28 MP: 4/4
  1539 | D:2      | 1539 ||| Stepping ~*~*~tactically~*~*~ (stealth).
  1589 | D:2      | 1589 ||| Stepping ~*~*~tactically~*~*~ (stealth).
  1615 | D:2      | Found Oduanuz's Magic Scroll Boutique.
  1621 | D:2      | 1621 ||| BUYING scroll of identify (24 gold).
  1621 | D:2      | Bought a scroll of identify for 24 gold pieces
  1621 | D:2      | 1621 ||| SHOPLISTING scroll of teleportation (36 gold, have
                  | 26).
  1687 | D:2      | Reached XP level 4. HP: 35/35 MP: 5/5
  1900 | D:2      | Reached skill level 4 in Unarmed Combat
  2011 | D:2      | 2011 ||| Stepping ~*~*~tactically~*~*~ (stealth).
  2032 | D:2      | 2032 ||| Stepping ~*~*~tactically~*~*~ (stealth).
  2033 | D:2      | 2033 ||| Stepping ~*~*~tactically~*~*~ (stealth).
  2085 | D:2      | Reached XP level 5. HP: 41/41 MP: 6/6
  2121 | D:2      | 2121 ||| READING 2 scrolls labelled KIETROTSOOTS.
  2122 | D:2      | 2122 ||| READING scroll labelled WUKKOA ZAKKO.
  2125 | D:2      | 2125 ||| READING 2 scrolls labelled XUFIMU YMATIH.
  2126 | D:2      | 2126 ||| DRINKING 2 cyan potions.
  2127 | D:2      | 2127 ||| READING 5 scrolls of identify.
  2127 | D:2      | 2127 ||| IDENTIFYING bubbling emerald potion
  2128 | D:2      | 2128 ||| DROPPING scroll of immolation.
  2129 | D:2      | 2129 ||| DROPPING potion of lignification.
  2130 | D:2      | 2130 ||| DROPPING scroll of butterflies.
  2153 | D:3      | 2153 ||| PLANNING SEWER
  2164 | D:3      | 2164 ||| Stepping ~*~*~tactically~*~*~ (stealth).
  2168 | D:3      | 2168 ||| Stepping ~*~*~tactically~*~*~ (stealth).
  2170 | D:3      | 2170 ||| Stepping ~*~*~tactically~*~*~ (stealth).
  2178 | D:3      | 2178 ||| Stepping ~*~*~tactically~*~*~ (stealth).
  2179 | D:3      | 2179 ||| Stepping ~*~*~tactically~*~*~ (stealth).
  2192 | D:3      | Reached skill level 1 in Armour
  2235 | D:3      | 2235 ||| FLEEEEING.
  2238 | D:3      | 2238 ||| STAIRDANCE
  2423 | D:3      | You fall into a shaft and drop 3 floors!
  2436 | D:6      | 2436 ||| Stepping ~*~*~tactically~*~*~ (hiding).
  2440 | D:6      | 2440 ||| Stepping ~*~*~tactically~*~*~ (outnumbered).
  2445 | D:6      | 2445 ||| Stepping ~*~*~tactically~*~*~ (outnumbered).
  2461 | D:6      | HP: 9/41 [orc/+0 trident (2)]
  2738 | D:6      | Noticed an ogre
  2744 | D:6      | HP: 10/41 [ogre/+0 giant club (8)]
  2745 | D:6      | Slain by an ogre

Levels and vault maps discovered:
D:1:      erik_arrival_triangle_huge, layout_loops_ring,
          ebering_ecumenical_altar_mist
D:2:      cheibrodos_greedy_goblins, layout_rooms, serial_shops,
          nicolae_shop_temple_entry_statues_fountains, uniq_jessica
D:3:      layout_loops_corners, portal_sewer_entry_a
D:6:      kennysheep_windowed_halls, layout_basic, nemelex_dance_club_becter,
          ebering_ghost_sewer_f, minmay_splitting_lines, minivault_4

Skill      XL: |  1  2  3  4  5 |
---------------+----------------+-----
Unarmed Combat | 1 3 4 |  4.9
Fighting       | 1 2 |  2.0
Armour         | 1 |  1.0
Dodging        | |  1.7
Stealth        | |  2.1
Spellcasting   | |  1.7
Conjurations   | |  0.7
Fire Magic     | |  2.4

Action                   |  1- 3 |  4- 6 || total
-------------------------+-------+-------++-------
Melee: Unarmed           |   126 |   130 ||   256
       Punch             |     3 |     1 ||     4
Throw: Boomerang         |     9 |    28 ||    37
  Use: Scroll            |     2 |     4 ||     6
       Potion            |       |     1 ||     1
Armor: Robe              |    17 |       ||    17
       Chain mail        |    30 |    77 ||   107
Dodge: Dodged            |    67 |    41 ||   108

Table legend:
 A = Non-vault XP
 B = Vault XP
 C = Vault XP percentage of total XP
 D = Non-vault monster count
 E = Vault monster count
 F = Vault count percentage of total count
                 A         B        C        D         E       F
            +---------+---------+-------+---------+---------+-------
      Total |     206 |      55 |  21.1 |      55 |      11 |  16.7
            +---------+---------+-------+---------+---------+-------
        D:1 |      29 |       0 |   0.0 |      18 |       0 |   0.0
        D:2 |      87 |      55 |  38.7 |      24 |      11 |  31.4
        D:3 |      43 |       0 |   0.0 |      10 |       0 |   0.0
        D:6 |      47 |       0 |   0.0 |       3 |       0 |   0.0
            +---------+---------+-------+---------+---------+-------
